[Event "Lliga Catalana DH 2023"]
[Site "Catalonia"]
[Date "2023.03.18"]
[Round "9.1"]
[White "Edouard, Romain"]
[Black "Barseghyan, Harutyun"]
[Result "1-0"]
[ECO "A28"]
[WhiteElo "2532"]
[BlackElo "2431"]
[Annotator "TA"]
[PlyCount "109"]
[EventDate "2023.01.24"]
[EventType "team-tourn"]
[EventCountry "ESP"]
[SourceTitle "playchess.com"]
[Source "ChessBase"]
[SourceQuality "1"]
[TimeControl "40/5400+30:1800+30"]

1. c4 Nf6 2. Nc3 e5 3. Nf3 Nc6 4. e4 Bb4 5. d3 d6 6. a3 {A28: English Opening: Four Knights Variation.} Bc5 7. b4 Bb6 8. Na4 {The position is equal.} Bg4 9. Be2 Bxf3 10. Bxf3 Bd4 11. Rb1 Nd7 {[#]} 12. b5 $146 ({Predecessor:} 12. Bd2 Nf8 13. Nc3 Ne6 14. O-O a5 15. Bg4 axb4 16. axb4 O-O 17. Kh1 Ne7 18. Ne2 {½-½ Gelfand,B (2655)-Deac,B (2609) EU-ch 20th Skopje 2019 (8)}) 12... Ncb8 13. Be3 Bxe3 14. fxe3 Qh4+ 15. g3 Qg5 16. Qe2 h5 17. Nc3 Nf6 18. Kd2 a6 19. h4 Qg6 20. Rhg1 axb5 21. Nxb5 Na6 22. g4 hxg4 23. Bxg4 {[%cal Og4d7] And now Bd7+! would win.} Qh6 24. Qf3 Ke7 25. Bh3 (25. Kc2 $142) 25... c6 (25... Nc5 $142 {White must now prevent ...c6.} 26. Kc2 Qxh4) 26. Nc3 Nc5 (26... Qxh4 $6 27. Rxb7+ Kf8 28. Rh1 $11 (28. Qg2 g5 $11)) 27. a4 Kd8 (27... Nxa4 $2 28. Rxb7+ Kf8 29. Ra1 (29. Nxa4 Rxa4 30. c5 Qxh4 $16) 29... Qxh4 30. Bg2 $16 (30. Rxa4 Rxa4 31. Rb8+ Ne8 $11)) ({Better is} 27... Qxh4 $17 28. Rh1 Qh5) 28. Rg5 $1 $15 Kc7 29. Rbg1 Rhg8 (29... Nxa4 $6 30. Rxg7 Rhf8 31. h5 Nxc3 32. R1g6 Ra2+ 33. Kxc3 $11) (29... Rag8 $1 $17) 30. Rf5 (30. Qg3 $1 $11 {keeps the balance.}) 30... Qxh4 $17 (30... Nxa4 $2 31. Nxa4 (31. Rxf6 gxf6 32. Rxg8 Rxg8 $15) 31... Rxa4 32. Rxf6 gxf6 33. Rxg8 $18) 31. Rh1 Raf8 ({Much worse is} 31... Nxa4 $6 32. Bg2 $11) 32. Bf1 Qg4 33. Qf2 {Hoping for Rg1.} Rh8 (33... Qg6 $1 $17 34. Rg1 Qh6) 34. Rg1 $15 Qh4 (34... Nb3+ $2 35. Kc2 Na1+ 36. Kb1 $18) 35. Rxg7 Qxf2+ 36. Rxf2 Rh6 37. Rg5 (37. Be2 {with more complications.} Kd7 38. Bd1 Ke6 39. Bc2) 37... Kd7 38. Be2 Ke7 39. Rg1 Ra8 40. Rb1 Ra7 41. Kc2 Rh7 42. Rbf1 Rh6 43. d4 Ne6 44. Kd3 Ra8 {[#]} 45. c5 $1 {[%mdl 64] Deflection} dxc5 46. dxe5 Nd7 {Excellent horsemanship.} ({Don't play} 46... Rd8+ 47. Kc2 Nd7 48. Rxf7+ Ke8 49. R1f2 $16) 47. Rxf7+ Kd8 {[#]} (47... Ke8 $11 48. Kd2 Rh2) 48. Kc2 $1 $36 {[%mdl 2048] aiming for Rd1. White is in control.} Ke8 {Black is weak on the light squares} 49. Bg4 Rd8 50. R7f5 {White has more active pieces.} (50. Bxe6 {simplifies} Rxe6 51. Rh7 Nxe5 52. Rb1) 50... Ke7 $2 {[%mdl 8192] [#] Loses the game.} (50... Ra8 $1 $14) 51. Nd5+ $1 $18 cxd5 52. exd5 Rf8 {[%cal Od7e5] Against Rf7+} 53. dxe6 {Intending Rf7+ and mate.} Rxf5 54. Rxf5 Rh4 (54... Rxe6 $18 55. Rh5 Rxe5 56. Rh7+ {[%mdl 64] Skewer, Deflection} Kf6 57. Bxd7 Kg6) 55. Rf7+ {Weighted Error Value: White=0.10 (very precise) /Black=0.37} 1-0

[Event "Lliga Catalana DH 2023"]
[Site "Catalonia"]
[Date "2023.03.18"]
[Round "9.1"]
[White "Movsziszian, Karen"]
[Black "Miranda Mesa, Elier"]
[Result "1/2-1/2"]
[ECO "C25"]
[WhiteElo "2472"]
[BlackElo "2517"]
[Annotator "TA"]
[PlyCount "104"]
[EventDate "2023.01.24"]
[EventType "team-tourn"]
[EventCountry "ESP"]
[SourceTitle "playchess.com"]
[Source "ChessBase"]
[SourceQuality "1"]
[TimeControl "40/5400+30:1800+30"]

1. g3 e5 2. Bg2 Nc6 3. d3 Bc5 4. Nc3 a6 5. e4 d6 6. h3 {[%emt 0:01:00] C25: Vienna Game: Alternatives to 2...Nf6.} Nge7 7. Be3 Be6 8. Nge2 {[%emt 0:15:19] [#]} Bxe3 $146 ({Predecessor:} 8... Ba7 9. Bxa7 Nxa7 10. Qd2 c6 11. f4 f6 12. d4 b5 13. fxe5 fxe5 14. O-O-O b4 15. Na4 Qa5 16. b3 O-O 17. dxe5 Qxe5 18. Qd4 Qg5+ 19. Qd2 {½-½ Ganem,P-Moore,R US Open-96 Concord 1995 (8)}) 9. fxe3 d5 10. exd5 Nxd5 11. Qd2 Qd7 12. O-O-O O-O-O 13. Kb1 Rhe8 14. g4 f6 15. Nxd5 Bxd5 16. Nc3 Bxg2 17. Qxg2 Ne7 18. Rdf1 Qe6 19. h4 Rf8 20. Rf2 g6 21. e4 Rf7 22. Rhf1 Rdf8 23. a3 Kb8 24. Qg3 f5 25. gxf5 gxf5 26. exf5 Rxf5 27. Rxf5 Rxf5 28. Rxf5 Nxf5 $11 {[%emt 0:01:59][%mdl 4096] Endgame KQN-KQN} 29. Qg5 Ka7 30. h5 h6 31. Qg4 Qf7 32. Qf3 Qe6 33. Ne4 Nd6 34. Nd2 b6 35. Qc6 Qf7 36. Nf3 Qg7 ({Black should try} 36... Qe7 $1 $14) 37. c4 {[%emt 0:02:04] White is more active.} (37. Qc3 $16) 37... Kb8 38. Ka2 Qf6 {[%emt 0:00:53][%cal Oe5e4] [#] aiming for ...e4!} 39. Qd5 Nf7 40. d4 exd4 41. Nxd4 Nd8 42. a4 Kc8 {[%emt 0:00:37] The position is equal.} 43. Qe4 Qd6 44. Qg4+ Kb8 45. Qe4 Kc8 46. Qg4+ Qd7 47. Nf5 {[%emt 0:00:34] [#] White wants to mate with Ne7+.} Nf7 48. b3 Qd2+ 49. Kb1 {[%emt 0:00:29] Nd6+ is the strong threat.} Qd3+ 50. Kb2 {[%emt 0:00:01] Threatens to win with Nd6+.} Qd2+ 51. Kb1 {[%emt 0:00:01] Strongly threatening Nd6+.} Qd3+ 52. Kb2 {[%emt 0:00:03] Black must now prevent Nd6+.} Qd2+ {[%emt 0:00:20] Weighted Error Value: White=0.06 (flawless) /Black=0.05 (flawless)} 1/2-1/2

[Event "Lliga Catalana DH 2023"]
[Site "Catalonia"]
[Date "2023.03.18"]
[Round "9.2"]
[White "Perez Mitjans, Orelvis"]
[Black "Barbero Sendic, Alejandro"]
[Result "1-0"]
[ECO "B27"]
[WhiteElo "2344"]
[BlackElo "2351"]
[Annotator "TA"]
[PlyCount "59"]
[EventDate "2023.01.24"]
[EventType "team-tourn"]
[EventCountry "ESP"]
[SourceTitle "playchess.com"]
[Source "ChessBase"]
[SourceQuality "1"]
[TimeControl "40/5400+30:1800+30"]

1. e4 c5 2. Nf3 g6 3. d4 cxd4 4. Qxd4 Nf6 5. Nc3 Nc6 6. Qa4 d6 7. e5 dxe5 8. Nxe5 Bg7 {[%emt 0:00:20] B27: Sicilian: 2 Nf3, unusual Black 2nd moves.} 9. Bc4 {[%emt 0:05:56] Against Nd5} O-O 10. Nxc6 bxc6 {[%emt 0:00:12] The position is equal.} 11. O-O Qc7 12. h3 {[%emt 0:02:59][%cal Oc1f4] [#] Repels Ng4} (12. Bf4 $5 Qb6 13. Rab1 $11) 12... e5 $146 (12... e6 $11) ({Predecessor:} 12... e6 13. Bb3 Nd5 14. Ne2 c5 15. Qh4 Bb7 16. c3 Ne7 17. Bc2 Rfe8 18. Bh6 Qc6 {0-1 Mitchell,R (1668)-Bejtovic,J (2408) SCO-ch 119th 2012 (1)}) 13. Be3 $14 Bf5 14. Rfd1 Nd7 15. Bb3 {[%emt 0:04:39] White is much more active. The black rooks are badly placed.} Nb6 16. Qa5 (16. Qh4 {keeps more tension.} Rfe8 17. Rd2 Rad8 18. Rad1) 16... Qb7 17. Rd2 Be6 18. Bxe6 fxe6 19. b3 {[%emt 0:00:05] Inhibits Nc4. Hoping for Ne4.} Nd5 20. Ne4 Qf7 $2 {[%emt 0:08:29] [#]} (20... Qb5 $16 {was necessary.} 21. Qa3 Nxe3) 21. Rad1 Qf5 (21... Nxe3 $142 22. fxe3 g5) 22. Ng3 $18 Qf6 23. c4 $2 (23. Bxa7 $2 Rf7 24. Qc5 (24. Ne4 $2 Qf4 $19) 24... Raxa7 $19) (23. Bc5 $18) 23... Nxe3 $16 24. fxe3 Qh4 (24... Qg5 $16 25. Kh2 Qxe3) 25. Kh2 $18 e4 26. Rd7 Bf6 27. Rb7 (27. Rxa7 $2 Rxa7 28. Qc5 Raf7 $19) 27... Rad8 (27... Rac8 $142 28. Rdd7 h5) 28. Rxd8 Rxd8 (28... Bxd8 $142 29. Qxa7 Bf6) 29. Rxa7 {[%emt 0:02:09] [#] And now Qc7 would win.} (29. Qxa7 $2 {perishes.} Be5 $19) 29... Rf8 (29... Ba1 $142 30. Qc7 Qf6 31. Qxh7+ Kf8 32. Nxe4 Qe5+ 33. Ng3 Qf6) 30. Qc7 {[%emt 0:01:00] Weighted Error Value: White=0.40/Black=0.73} 1-0

[Event "Lliga Catalana DH 2023"]
[Site "Catalonia"]
[Date "2023.03.18"]
[Round "9.2"]
[White "Vidarte Morales, Arturo"]
[Black "Peralta, Fernando"]
[Result "0-1"]
[ECO "E21"]
[WhiteElo "2276"]
[BlackElo "2596"]
[Annotator "TA"]
[PlyCount "106"]
[EventDate "2023.01.24"]
[EventType "team-tourn"]
[EventCountry "ESP"]
[SourceTitle "playchess.com"]
[Source "ChessBase"]
[SourceQuality "1"]
[TimeControl "40/5400+30:1800+30"]

1. c4 e6 2. Nc3 Bb4 3. Nf3 Nf6 4. d4 Bxc3+ 5. bxc3 d6 6. Bg5 {E21: Nimzo-Indian: 4 Nf3.} Nbd7 7. Nd2 h6 8. Bh4 {White has an edge.} Qe7 9. e3 b6 10. Be2 Bb7 11. O-O e5 12. Qc2 (12. Bg3 {is superior.}) 12... g5 $11 13. Bg3 {[#]} O-O-O $146 ({Predecessor:} 13... h5 14. h4 Rg8 15. hxg5 Rxg5 16. d5 Qf8 17. Bh4 Rg8 18. Ne4 Qg7 19. Ng3 O-O-O {0-1 Kacheishvili,G (2590)-Sadvakasov,D (2616) Eastern Class-ch 2009 (5)}) 14. Rae1 (14. Qf5 $11 {remains equal.}) 14... h5 $1 $36 {[%mdl 2048] White must now prevent ...h4. Black has some pressure.} 15. f3 ({Better is} 15. h4 $1 $15) 15... h4 16. Bf2 h3 (16... e4 $17 17. h3 Kb8) 17. g3 (17. g4 $1 $15) 17... e4 $1 18. d5 Rde8 19. Nxe4 Nxe4 20. fxe4 Qxe4 21. Qxe4 Rxe4 22. Bd3 {[#]} Nc5 23. Bxe4 $15 Nxe4 24. Rd1 $1 Re8 {Black has more active pieces.} 25. Be1 f6 26. Rd4 Kd8 27. Rxe4 Rxe4 $19 28. Rxf6 Rxc4 $15 {[%mdl 4096] Endgame KRB-KRB} 29. Rf5 (29. a3 $142) 29... Ra4 $19 30. g4 Rxa2 31. Bg3 $2 (31. Rxg5 Rg2+ 32. Kh1) 31... a5 32. Rxg5 $2 (32. Rf2 Bxd5 33. Rxa2 Bxa2 34. e4) 32... a4 33. Rg8+ Ke7 34. Rg7+ Ke8 35. Rxc7 Rg2+ 36. Kf1 Ba6+ $1 ({Stronger than} 36... Bxd5 37. Bxd6 Rxg4 38. Ra7 $17) 37. c4 a3 $2 (37... Rxg3 $1 $19 {is more deadly.} 38. hxg3 a3) 38. Bxd6 $17 a2 39. Be5 Rxh2 {[%mdl 64] Hoping for ...Rc2. Deflection, Promotion} ({Worse is} 39... Rxg4 40. d6 Bxc4+ 41. Ke1 $15) 40. d6 $2 {[#] White does not recover from this.} (40. Kg1 $17 Re2 41. Bh8) 40... a1=Q+ $1 41. Bxa1 Rh1+ {[%mdl 64] Skewer} 42. Kf2 {d7+ would kill now.} Rxa1 $19 {KRB-KR} 43. Kg3 Rc1 $1 44. Kxh3 Rxc4 45. Re7+ Kd8 46. e4 Rd4 47. e5 Bc8 48. Rg7 {[#]} (48. Ra7 $19 Bxg4+ 49. Kh4) 48... Rxg4 $1 {[%mdl 512] Black mates.} 49. Rxg4 {[#]} b5 $1 50. Kg3 Bxg4 51. Kxg4 {[#]} b4 $1 52. Kf5 b3 ({Don't do} 52... Kd7 53. Ke4 b3 54. Kd3 b2 55. Kc2 b1=R 56. Kxb1 Ke6 57. Kb2) 53. Kf6 b2 {Artfully played by Peralta.   Weighted Error Value: White=0.61/Black=0.18 (very precise)} 0-1

[Event "Lliga Catalana DH 2023"]
[Site "Catalonia"]
[Date "2023.03.18"]
[Round "9.3"]
[White "Gonzalez Garcia, Jose"]
[Black "Kozlov, Gennady"]
[Result "1-0"]
[ECO "A40"]
[WhiteElo "2450"]
[BlackElo "2384"]
[Annotator "TA"]
[PlyCount "139"]
[EventDate "2023.01.24"]
[EventType "team-tourn"]
[EventCountry "ESP"]
[SourceTitle "playchess.com"]
[Source "ChessBase"]
[SourceQuality "1"]
[TimeControl "40/5400+30:1800+30"]

1. d4 e6 2. c4 Bb4+ 3. Bd2 Bxd2+ 4. Qxd2 f5 5. Nc3 Nf6 6. g3 {A40: Unusual replies to 1 d4.} d6 7. Bg2 O-O 8. e3 {White is slightly better.} Qe7 9. Nge2 c6 {[#]} 10. O-O $146 ({Predecessor:} 10. O-O-O d5 11. cxd5 cxd5 12. f3 Nbd7 13. Nf4 Nb6 14. Kb1 Bd7 15. h4 Nc4 16. Qf2 {1-0 Riedel,W (2320)-Gallus,G (2290) Munich op 9192 1992 (7)}) 10... Nbd7 11. Qc2 d5 12. cxd5 Nxd5 13. Rac1 N7f6 14. Qb3 Kh8 15. Nf4 Nxc3 16. Qxc3 Nd5 17. Qc5 Qxc5 18. Rxc5 Nxf4 19. gxf4 Bd7 20. b4 a6 21. Rfc1 Kg8 22. a4 Rac8 23. Kf1 Kf7 24. Ke2 Ke7 25. Kd2 Kd6 26. Bf3 Rf6 27. h4 Rh6 28. Rg1 Rg6 29. Rg3 (29. Rh1 $14) 29... b6 30. Rc1 (30. Rxg6 $14 hxg6 31. Rc1) 30... Be8 (30... Rxg3 $11 {keeps the balance.} 31. fxg3 c5) 31. Be2 {White is more active. White leaves nothing to chance now.} Ra8 32. Rxg6 hxg6 $16 {[%mdl 4096] Endgame KRB-KRB} 33. a5 Rb8 (33... b5 $16 34. Bf3 Rc8) 34. axb6 $1 $18 ({Weaker is} 34. Bxa6 bxa5 35. bxa5 Ra8 $14) 34... Rxb6 35. Kc3 Rb8 36. Ra1 ({Resist} 36. Bxa6 $6 Ra8 $16) 36... Ra8 37. Rxa6 ({Not} 37. Bxa6 Bd7 $16) 37... Rxa6 38. Bxa6 {KB-KB} Bf7 $2 (38... Kc7 39. b5 Kb6) 39. Bc4 Kc7 40. f3 Kd6 41. Kb3 Kc7 42. Ka4 Kb6 43. e4 Bg8 44. b5 (44. e5 $142 {Threatens to win with b5.} Bf7 45. b5) 44... Bf7 45. Kb4 (45. e5 $142 g5 46. fxg5 cxb5+ 47. Bxb5) 45... Bg8 46. bxc6 (46. e5 $142 cxb5 47. Bxb5) 46... Kxc6 (46... fxe4 $142 47. fxe4 Kxc6) 47. Bb5+ Kd6 48. Be8 $2 (48. e5+ Ke7 49. Kc5) 48... Bh7 $2 {[#]} (48... fxe4 49. fxe4 Bh7 50. e5+ Ke7) 49. e5+ $1 Ke7 50. Bb5 {White threatens Kc5 and mate.} Bg8 51. Kc5 {White wants to mate with Ba4.} Bf7 52. Bc6 Bg8 {[#]} 53. d5 $1 {White mates.} exd5 54. Bxd5 Bh7 55. Kc6 g5 56. fxg5 Bg6 57. f4 Bh5 58. Kc5 Be2 59. Kd4 g6 60. Ke3 Bb5 61. Bf3 Be8 62. Kf2 Kf8 {[#]} 63. h5 $1 gxh5 64. Kg3 Kg7 65. Kh4 Bf7 66. Bxh5 Bd5 67. Be8 Be4 68. g6 Kh6 69. e6 Kg7 70. Kg5 {Weighted Error Value: White=0.49/Black=0.39} 1-0

[Event "Lliga Catalana DH 2023"]
[Site "Catalonia"]
[Date "2023.03.18"]
[Round "9.3"]
[White "Dominguez Pons, Eric"]
[Black "Fluvia Poyatos, Joan"]
[Result "1-0"]
[ECO "B22"]
[WhiteElo "2333"]
[BlackElo "2463"]
[Annotator "TA"]
[PlyCount "71"]
[EventDate "2023.01.24"]
[EventType "team-tourn"]
[EventCountry "ESP"]
[SourceTitle "playchess.com"]
[Source "ChessBase"]
[SourceQuality "1"]
[TimeControl "40/5400+30:1800+30"]

1. e4 c5 2. c3 d5 3. exd5 Qxd5 4. d4 Nf6 5. Nf3 Bg4 6. Nbd2 Nc6 7. Bc4 Bxf3 8. Qb3 Bxg2 {[%emt 0:02:03] B22: Sicilian: 2 c3.} (8... Na5 $1 $11 {keeps the balance.} 9. Qb5+ Qd7 10. Nxf3 (10. gxf3 Nxc4 11. Qxd7+ Kxd7 $15) 10... Nxc4 11. Qxc4 cxd4) 9. Bxd5 $16 Bxd5 {[%emt 0:00:06] [#]} 10. Nc4 $146 ({Predecessor:} 10. Qxb7 Nxd4 11. Qa6 Nc2+ 12. Ke2 Nxa1 13. Rd1 Rd8 14. Qa4+ Nd7 15. Nf3 Be6 16. Be3 g6 17. Rxa1 {½-½ Dos Santos,R (2441)-Flores,D (2579) American Continental 06th 2009 (3)}) 10... Bxh1 $11 {[%emt 0:27:51] The position is equal.} 11. Qxb7 Rd8 12. Na5 Nxa5 (12... Nxd4 13. Qxh1 Nc2+ 14. Ke2 Nxa1 15. Qc6+ Nd7 16. Nb7 $16) (12... Rd7 $5 13. Qa8+ Rd8 $15) 13. Qxh1 e6 (13... Rc8 $5 14. dxc5 Nc6 $11) 14. dxc5 $1 Nd5 15. b4 (15. Qf1 $1 $16 {[%cal Rf1b5] Qb5+ would be deadly.} Nc6 16. Qa6) 15... Nc6 16. a3 Ne5 {[%emt 0:02:58] And now ...Be7 would win.} 17. Bd2 (17. c4 $1 $11 {remains equal.} Nxc4 18. Qe4) 17... Be7 $2 (17... f5 $1 $17 {stays on course. Threatens to win with ...Kf7.} 18. Qg2 Be7) 18. Qe4 $16 {[%emt 0:00:27][%mdl 1024] White has strong compensation. Black is on the road to losing.} Bf6 {[%emt 0:01:57] [#]} 19. O-O-O $1 O-O {[%emt 0:00:33][%cal Od5b4] [#] Hoping for ...Nxb4!} 20. c4 $1 Ne7 {[%emt 0:01:07] Strongly threatening ...Nd3+.} 21. Bc3 {[%emt 0:00:54] Some like it hot} Rxd1+ (21... Nd7 $16) 22. Kxd1 $18 Rd8+ (22... N5g6 $142 23. Bxf6 gxf6) 23. Kc2 N5c6 24. Bxf6 gxf6 25. b5 Ne5 26. f4 N5g6 27. c6 {[%emt 0:00:45] c7 is the strong threat.} f5 (27... Rc8 $142 28. Qd4 Nxc6 29. bxc6 Rxc6) 28. Qe3 {[%emt 0:00:31] White is clearly winning.} Nc8 29. a4 e5 30. fxe5 f4 31. Qe4 Re8 32. Qf5 Nb6 33. c7 Nxe5 (33... Rc8 $142 34. a5 Rxc7) 34. c5 ({Not} 34. Qxf4 Nexc4 35. a5 Nxa5 $18) 34... Nbd7 35. Qxf4 (35. Qg5+ $142 Kf8 36. Qd8) 35... Rc8 36. Qg5+ {[%emt 0:00:11] A cool game by Dominguez Pons.   Weighted Error Value: White=0.45/Black=0.41} 1-0

[Event "Lliga Catalana DH 2023"]
[Site "Catalonia"]
[Date "2023.03.18"]
[Round "9.4"]
[White "Cu Hor, Winston Darwin"]
[Black "Travesset Sagre, Jan"]
[Result "1/2-1/2"]
[ECO "A11"]
[WhiteElo "2317"]
[BlackElo "2237"]
[Annotator "TA"]
[PlyCount "252"]
[EventDate "2023.01.24"]
[EventType "team-tourn"]
[EventCountry "ESP"]
[SourceTitle "playchess.com"]
[Source "ChessBase"]
[SourceQuality "1"]
[TimeControl "40/5400+30:1800+30"]

1. Nf3 d5 2. c4 c6 3. g3 Nf6 4. Bg2 dxc4 5. a4 Be6 6. Qc2 Na6 7. O-O Bd5 8. Na3 Nb4 9. Qc3 e6 10. Ne5 Bxg2 11. Kxg2 Qd5+ 12. f3 b5 13. e4 Qc5 14. d4 cxd3 15. axb5 cxb5 16. Qxc5 Bxc5 17. Nxb5 O-O 18. Bd2 Nc2 19. Rac1 Ne3+ 20. Bxe3 Bxe3 21. Rce1 Rfb8 22. Rxe3 Rxb5 23. Nxd3 Rb3 24. Ra1 Nd7 25. Ra3 Rab8 26. Rxa7 (26. Kf2 $11 {remains equal.}) 26... Nc5 $2 (26... Ne5 $17 {stays on course. Hoping for ...Nc4.} 27. Nxe5 Rxe3) 27. Ra3 $4 (27. Nxc5 $18 {was the only winning move.} Rxe3 28. Kf2 Rxe4 29. Nxe4) 27... Rxa3 $1 $19 28. bxa3 Rb3 29. Nxc5 Rxe3 30. a4 Rc3 31. Nd7 Rc7 32. Nb6 Ra7 33. g4 Ra6 34. Nd7 g5 35. h4 h6 ({Stronger than} 35... Rxa4 36. hxg5 Kg7 37. Kg3 $17) (35... gxh4 $2 36. Kh3 $19) 36. hxg5 $2 (36. Nf6+ Kg7 37. Ne8+ Kh7 38. h5) 36... hxg5 $19 ({Worse is} 36... Rxa4 37. gxh6 Kh7 38. g5 $11) 37. Kf2 (37. Nc5 $142 Ra5 {[%mdl 64] Deflection} 38. Nd7) 37... Rxa4 $19 38. e5 $2 (38. Ne5 {might work better.}) 38... Ra3 $19 39. Ke2 Kg7 40. Nc5 Kg6 (40... Kf8 $142 {Threatens to win with ...Ke7.} 41. Kf2 Ra5) 41. Nd3 $19 Ra4 42. Ke3 Rc4 43. Nf2 Rc1 44. Ne4 Rd1 45. Nf6 Re1+ 46. Kd4 Re2 47. Ne4 Ra2 48. Nf6 Ra5 49. Ke4 Ra8 50. Ke3 Rh8 51. Ke4 Kg7 52. Nd7 Rh1 53. Nf6 Rf1 54. Ke3 Ra1 55. Ke4 Ra3 56. Nh5+ Kg6 57. Nf6 Ra4+ 58. Ke3 Ra8 59. Kd3 Rh8 $2 (59... Kh6 $19 {aiming for ...Ra5.} 60. Kd4 Ra4+ 61. Kd3 Rf4) 60. Ke3 $2 (60. Ke4 $11 {and White is okay.} Rb8 61. Nd7) 60... Rh6 61. Kd4 Kg7 62. Nd7 (62. Ne4 $17) 62... Rh2 $19 63. Ke3 f5 64. exf6+ Kf7 65. Ke4 Rd2 66. Ne5+ Kxf6 67. Nc4 Ra2 68. Kd4 Ra4 69. Kd3 Ra1 70. Ke3 Rc1 71. Kd3 Rd1+ 72. Ke3 Rd5 73. Ke4 Rb5 74. Kd4 $2 (74. Ke3 $17) 74... Rb4 $2 (74... e5+ $1 $19 75. Kc3 e4 76. fxe4 Rb1) 75. Kc3 $17 Ra4 76. Kd3 Ra1 77. Ke3 $1 Re1+ 78. Kd3 Rd1+ 79. Ke3 $1 Rc1 80. Kd3 $1 Ke7 81. Kd4 Ra1 82. Kd3 Ra8 83. Kd4 Kf6 84. Kd3 Ke7 85. Kd4 Rf8 86. Ke3 Rf4 87. Nd2 Kf6 88. Ne4+ Kg6 89. Nc5 Rf7 90. Nd3 Ra7 91. Nc5 Ra5 92. Kd4 Kf6 93. Ne4+ Ke7 94. Nc5 Rb5 95. Kc4 Ra5 96. Kd4 $1 Ra3 97. Ke4 Kd6 98. Nb7+ Kc7 (98... Kd7 $17 {White must now prevent ...Rc3.} 99. Nc5+ Kd6 100. Nb7+ Kd7 101. Nc5+ Kd6) 99. Nc5 $11 Kd6 (99... Ra5 $11 100. Nxe6+ Kd6) 100. Nb7+ $1 $17 Kc6 101. Nd8+ Kd7 102. Nf7 Ra5 $1 103. Ne5+ Ke8 104. Nc4 Rc5 105. Kd4 Rd5+ 106. Ke4 Ke7 107. Ne3 Ra5 108. Nc4 Ra4 109. Kd4 $2 (109. Kd3 $17) 109... Kf6 $2 (109... e5+ $1 $19 {and Black stays clearly on top.} 110. Kd3 e4+ 111. fxe4 Ke6) 110. Kd3 $1 $17 e5 111. Kc3 $2 (111. Nd2 $17) 111... Ke6 $19 112. Kd3 Ra7 $2 (112... e4+ $1 $19 113. fxe4 Ra2) 113. Ke4 $17 Rf7 ({Not} 113... Ra4 $2 114. Kd3 $19) 114. Nd2 Rf4+ 115. Ke3 Kd5 (115... Kf6 $142 116. Ne4+ Kg6) 116. Ke2 $17 Kd4 117. Nb3+ {[%emt 0:00:20] [#]} Kc4 $1 118. Nd2+ Kd4 (118... Kd5 $17 119. Ke3 Rb4) 119. Nb3+ $1 $11 Kd5 (119... Kc3 $11 120. Nc5 Kc4) 120. Nd2 $17 Ra4 121. Ke3 Ra3+ 122. Kf2 {[%emt 0:00:24] [#]} Ra2 ({Black should try} 122... Ra7 $1 $17 123. Ne4 Rg7) 123. Ke3 $1 $11 Ra3+ (123... Ra6 $11) 124. Kf2 $1 $17 Ra4 125. Ke3 $1 Rf4 126. Ke2 $1 Kd4 (126... Rb4 $17 127. Ke3 Rf4) 1/2-1/2

[Event "Lliga Catalana DH 2023"]
[Site "Catalonia"]
[Date "2023.03.18"]
[Round "9.4"]
[White "Iglesias Romero, Jorge"]
[Black "Iermito, Sebastian"]
[Result "0-1"]
[ECO "C70"]
[WhiteElo "2271"]
[BlackElo "2528"]
[Annotator "TA"]
[PlyCount "62"]
[EventDate "2023.01.24"]
[EventType "team-tourn"]
[EventCountry "ESP"]
[SourceTitle "playchess.com"]
[Source "ChessBase"]
[SourceQuality "1"]
[TimeControl "40/5400+30:1800+30"]

1. e4 e5 2. Nf3 Nc6 3. Bb5 a6 4. Ba4 Bc5 5. O-O Nge7 {[#]} 6. Nxe5 $1 {[%mdl 64] Remove Defender, Decoy. C70: Ruy Lopez: 3...a6 4 Ba4, Norwegian and Delayed Schliemann.} Nxe5 7. d4 b5 8. Bb3 {The position is equal.} Bxd4 9. Qxd4 d6 {Threatens to win with ...c5.} 10. c3 c5 11. Qe3 O-O $36 {[%mdl 2048] Black fights for an advantage.} 12. f4 Ng4 13. Qg3 {[#]} Nf6 $146 (13... Qb6 $11 14. Bc2 f5) ({Predecessor:} 13... c4 14. Bc2 f5 15. h3 Nf6 16. Nd2 Qb6+ 17. Kh1 d5 18. exd5 Nexd5 19. Nf3 Ne4 20. Bxe4 fxe4 {½-½ Lei,T (2505)-Stefanova,A (2470) Speed Chess (Women) Main blitz 2021 (2.13)}) 14. Bc2 Bb7 15. f5 (15. Nd2 $14) 15... Bxe4 $17 (15... Nxe4 16. Bxe4 Bxe4 17. f6 $14) 16. Bg5 Ned5 (16... Bxc2 $2 17. Bxf6 g6 18. Qg5 Nxf5 19. Bxd8 $18) 17. Bd1 Kh8 (17... c4 {with more complications.} 18. Bh6 Ne8 19. Nd2 Bd3) 18. Nd2 Qd7 (18... c4 {simplifies} 19. Nxe4 Nxe4 20. Bxd8 Nxg3 21. hxg3 Raxd8 22. g4 g5) 19. c4 bxc4 20. Nxc4 Rad8 21. Qh4 (21. Bb3 $11 {remains equal.}) 21... Rb8 (21... Bxf5 $6 22. Ba4 Qxa4 23. Rxf5 $11) ({Black should play} 21... Rde8 $1 $17 22. Qg3 Bxf5) 22. Bb3 $11 {Strongly threatening Rad1.} Bd3 23. Rf3 (23. Rfd1 $11 {keeps the balance.} Bxc4 24. Bxc4 Qxf5 25. b3) 23... Bxc4 (23... Bxf5 $6 24. Rd1 Bg6 25. Bxf6 Nxf6 26. Nxd6 $11) (23... Be2 $1 $17 24. Rg3 Nh5) 24. Bxc4 Rxb2 25. Bxd5 $1 Nxd5 26. f6 {White threatens fxg7+ and mate.} Rfb8 {...R8b4 would be deadly.} 27. fxg7+ (27. Raf1 $5 Rb1 $8 28. fxg7+ {[%mdl 64] Discovered Attack} Kg8 29. Bc1 $11) 27... Kg8 $1 {And now ...R8b4 would win.} 28. Qe4 {[%mdl 1024] White has compensation.} Qb7 (28... Qe6 29. Qxe6 fxe6 30. Bh6) 29. Raf1 {aiming for Rxf7.} Nc3 $1 {[%mdl 64] Discovered Attack, Double Attack. Chess con chili.} 30. Qf5 {[#]} (30. Qc4 $1 $11 {was the only way to keep the balance.} Ne2+ 31. Kh1) 30... Ne2+ $1 $17 31. Kh1 {[%cal Og5e7] [#] Hoping for Be7!} Rb1 $1 {Beautiful play by Iermito!   Weighted Error Value: White=0.25 (precise) /Black=0.15 (very precise)} (31... Rxa2 $2 32. Be7 $18 (32. Rh3 h6 $16) (32. Rh3 h6 $16)) ({Stronger than} 31... Nd4 32. Qxf7+ Qxf7 33. Rxf7 $15) 0-1